TOP OF THE 1ST |
Greenville 84s batting - Pitching for Wizarding Express : RHP William Fothergill
|
Pitching: RHP William Fothergill
|
|
Batting: LHB Craig Morgan
|
0-0: Foul Ball, location: 2F 0-1: Swinging Strike 0-2: Ball 1-2: Ball 2-2: SINGLE (Line Drive, 6D)
|
Batting: LHB Danny Trautmann
|
0-0: Fly out, F7 (Flyball, 7)
|
Batting: LHB Tim Stinson
|
0-0: Fly out, F8 (Flyball, 8RXD)
|
Batting: RHB Doug Allerdale
|
0-0: Ball 1-0: Ball 2-0: Ground out 1-3 (Groundball, 13)
|
Top of the 1st over - 0 runs, 1 hit, 0 errors, 1 left on base; Greenville 0 - Wizarding 0 |
BOTTOM OF THE 1ST |
Wizarding Express batting - Pitching for Greenville 84s : LHP Zadock Dinkelmann
|
Pitching: LHP Zadock Dinkelmann
|
|
Batting: LHB Jesús Lazcano
|
0-0: Called Strike 0-1: Ball 1-1: Swinging Strike 1-2: Strikes out swinging
|
Batting: RHB Ralph Cranford
|
0-0: Ball 1-0: Foul Ball, location: 2F 1-1: Called Strike 1-2: Strikes out looking
|
Batting: RHB Robinson Barquero
|
0-0: Ball 1-0: Ball 2-0: Ground out 4-3 (Groundball, 4)
|
Bottom of the 1st over - 0 runs, 0 hits, 0 errors, 0 left on base; Greenville 0 - Wizarding 0 |
TOP OF THE 2ND |
Greenville 84s batting - Pitching for Wizarding Express : RHP William Fothergill
|
Batting: LHB Kanko Umaba
|
0-0: Ball 1-0: Ball 2-0: Foul Ball, location: 2F 2-1: Fly out, F7 (Flyball, 78S)
|
Batting: RHB Edgar Baeza
|
0-0: Ground out 6-3 (Groundball, 6)
|
Batting: LHB Ijsbrand Erkelens
|
0-0: Ball 1-0: Ball 2-0: Foul Ball, location: 2F 2-1: Called Strike 2-2: Ball 3-2: SINGLE (Groundball, 56) (infield hit)
|
Batting: RHB Vito Middendorf
|
0-0: Ball 1-0: Ball 2-0: Called Strike 2-1: SINGLE (Flyball, 56D) Ijsbrand Erkelens to second
|
Batting: RHB Scott Dourque
|
0-0: Ball 1-0: Ball 2-0: Ground out 5-3 (Groundball, 5S)
|
Top of the 2nd over - 0 runs, 2 hits, 0 errors, 2 left on base; Greenville 0 - Wizarding 0 |
BOTTOM OF THE 2ND |
Wizarding Express batting - Pitching for Greenville 84s : LHP Zadock Dinkelmann
|
Batting: LHB Carroll Martin
|
0-0: Ball 1-0: Foul Ball, location: 2F 1-1: DOUBLE (Line Drive, 9LM)
|
Batting: LHB Adrian McCoy
|
0-0: Called Strike 0-1: Swinging Strike 0-2: Foul Ball, location: 2F 0-2: Ball 1-2: Ball 2-2: Foul Ball, location: 2F 2-2: Strikes out swinging
|
Batting: SHB Salvador Trevino
|
0-0: Swinging Strike 0-1: Ball 1-1: Foul Ball, location: 2F 1-2: Foul Ball, location: 2F 1-2: Fly out, F7 (Flyball, 7S)
|
Batting: LHB Peter Metellus
|
0-0: SINGLE (Groundball, 4D) Carroll Martin to third Runner from 3rd tries for Home, SAFE, throw made home
|
Batting: LHB António Boccanegra
|
0-0: Ball 1-0: Ball 2-0: Called Strike 2-1: Hit by Pitch Peter Metellus to second
|
Batting: RHB Panas Pletnev
|
0-0: Called Strike 0-1: Swinging Strike 0-2: SINGLE (Groundball, 23) (infield hit) Peter Metellus to third António Boccanegra to second
|
Batting: LHB Jesús Lazcano
|
0-0: Foul Ball, location: 2F 0-1: Ball 1-1: Foul Ball, location: 2F 1-2: Foul Ball, location: 2F 1-2: Foul Ball, location: 2F 1-2: Fly out, F8 (Line Drive, 89D)
|
Bottom of the 2nd over - 1 run, 3 hits, 0 errors, 3 left on base; Greenville 0 - Wizarding 1 |
TOP OF THE 3RD |
Greenville 84s batting - Pitching for Wizarding Express : RHP William Fothergill
|
Batting: LHB Craig Morgan
|
0-0: Ball 1-0: Ball 2-0: Ball 3-0: Called Strike 3-1: Foul Ball, location: 2F 3-2: TRIPLE (Flyball, 78XD)
|
Batting: LHB Danny Trautmann
|
0-0: Called Strike 0-1: Swinging Strike 0-2: Ball 1-2: Strikes out swinging
|
Batting: LHB Tim Stinson
|
0-0: Ball 1-0: Ball 2-0: Ball 3-0: Base on Balls
|
Batting: RHB Doug Allerdale
|
0-0: Ball 1-0: Ball 2-0: Ball 3-0: Base on Balls Tim Stinson to second
|
Batting: LHB Kanko Umaba
|
0-0: Ball 1-0: Ball 2-0: Called Strike 2-1: Swinging Strike 2-2: Foul Ball, location: 2F 2-2: Strikes out swinging
|
Batting: RHB Edgar Baeza
|
0-0: Ball 1-0: Hit by Pitch Craig Morgan scores Tim Stinson to third Doug Allerdale to second
|
Batting: LHB Ijsbrand Erkelens
|
0-0: Ball 1-0: Called Strike 1-1: Fly out, F7 (Flyball, 7D)
|
Top of the 3rd over - 1 run, 1 hit, 0 errors, 3 left on base; Greenville 1 - Wizarding 1 |
BOTTOM OF THE 3RD |
Wizarding Express batting - Pitching for Greenville 84s : LHP Zadock Dinkelmann
|
Batting: RHB Ralph Cranford
|
0-0: Ball 1-0: Foul Ball, location: 2F 1-1: Ball 2-1: SINGLE (Line Drive, 56)
|
Batting: RHB Robinson Barquero
|
0-0: Called Strike 0-1: TRIPLE (Flyball, 78XD) Ralph Cranford scores
|
Batting: LHB Carroll Martin
|
0-0: Ball 1-0: Fly out, F4 (Line Drive, 4M)
|
Batting: LHB Adrian McCoy
|
0-0: Called Strike 0-1: Ball 1-1: Fly out, F7 (Flyball, 7S)
|
Batting: SHB Salvador Trevino
|
0-0: Ball 1-0: Called Strike 1-1: Ball 2-1: Called Strike 2-2: Ground out 5-3 (Groundball, 56)
|
Bottom of the 3rd over - 1 run, 2 hits, 0 errors, 1 left on base; Greenville 1 - Wizarding 2 |
TOP OF THE 4TH |
Greenville 84s batting - Pitching for Wizarding Express : RHP William Fothergill
|
Batting: RHB Vito Middendorf
|
0-0: Swinging Strike 0-1: Ball 1-1: Called Strike 1-2: Foul Ball, location: 2F 1-2: SINGLE (Line Drive, 78S)
|
Batting: RHB Scott Dourque
|
0-0: Ball 1-0: SINGLE (Groundball, 56D) Vito Middendorf to second
|
Batting: LHB Craig Morgan
|
0-0: Ball 1-0: Ball 2-0: Ball 3-0: Base on Balls Vito Middendorf to third Scott Dourque to second
|
Batting: LHB Danny Trautmann
|
0-0: Ball 1-0: Swinging Strike 1-1: Swinging Strike 1-2: Fly out, F6 (Popup, 6)
|
Pitching: RHP Brian Peeks
|
|
Batting: LHB Tim Stinson
|
0-0: Called Strike 0-1: Foul Ball, location: 2F 0-2: Ball 1-2: Fly out, F7 (Flyball, 7) Runner from 3rd tags up, OUT at HOME
|
Top of the 4th over - 0 runs, 2 hits, 0 errors, 2 left on base; Greenville 1 - Wizarding 2 |
BOTTOM OF THE 4TH |
Wizarding Express batting - Pitching for Greenville 84s : LHP Zadock Dinkelmann
|
Batting: LHB Peter Metellus
|
0-0: Called Strike 0-1: Ground out U3 (Groundball, 3)
|
Batting: LHB António Boccanegra
|
0-0: Ball 1-0: SINGLE (Groundball, 4MD)
|
Batting: RHB Panas Pletnev
|
0-0: Ball 1-0: Ball 2-0: Fly out, F7 (Line Drive, 78M)
|
Batting: LHB Jesús Lazcano
|
0-0: SINGLE (Groundball, 34D) António Boccanegra to second Runner from 2nd tries for 3rd, SAFE, no throw
|
Batting: RHB Ralph Cranford
|
0-0: Ball 1-0: Fly out, F7 (Flyball, 78D)
|
Bottom of the 4th over - 0 runs, 2 hits, 0 errors, 2 left on base; Greenville 1 - Wizarding 2 |
TOP OF THE 5TH |
Greenville 84s batting - Pitching for Wizarding Express : RHP Brian Peeks
|
Batting: RHB Doug Allerdale
|
0-0: Ball 1-0: Foul Ball, location: 2F 1-1: Fly out, F9 (Line Drive, 89S)
|
Batting: LHB Kanko Umaba
|
0-0: Foul Ball, location: 2F 0-1: SINGLE (Line Drive, 9LS)
|
Batting: RHB Edgar Baeza
|
0-0: Ball 1-0: Fly out, F6 (Line Drive, 6M)
|
Batting: LHB Ijsbrand Erkelens
|
0-0: Ball Kanko Umaba steals 2nd base 1-0: Called Strike 1-1: Ball 2-1: Ground out 5-3 (Groundball, 56)
|
Top of the 5th over - 0 runs, 1 hit, 0 errors, 1 left on base; Greenville 1 - Wizarding 2 |
BOTTOM OF THE 5TH |
Wizarding Express batting - Pitching for Greenville 84s : LHP Zadock Dinkelmann
|
Batting: RHB Robinson Barquero
|
0-0: Ball 1-0: Foul Ball, location: 2F 1-1: Foul Ball, location: 2F 1-2: Foul Ball, location: 2F 1-2: Ground out U3 (Groundball, 3S)
|
Batting: LHB Carroll Martin
|
0-0: Foul Ball, location: 2F 0-1: Ball 1-1: Called Strike 1-2: Ball 2-2: Strikes out swinging
|
Batting: LHB Adrian McCoy
|
0-0: Ball 1-0: Ball 2-0: Ball 3-0: Called Strike 3-1: Called Strike 3-2: Foul Ball, location: 2F 3-2: Base on Balls
|
Pitching: RHP Kyle Buckman
|
|
Batting: SHB Salvador Trevino
|
0-0: Ball 1-0: Ball 2-0: Ball 3-0: Called Strike 3-1: Fielders Choice at 2nd, 5-4 (Groundball, 5)
|
Bottom of the 5th over - 0 runs, 0 hits, 0 errors, 1 left on base; Greenville 1 - Wizarding 2 |
TOP OF THE 6TH |
Greenville 84s batting - Pitching for Wizarding Express : RHP Brian Peeks
|
Batting: RHB Vito Middendorf
|
0-0: Foul Ball, location: 2F 0-1: Ball 1-1: Hit by Pitch
|
Batting: RHB Scott Dourque
|
0-0: Ball 1-0: Bunted foul 1-1: Ball 2-1: Sac Bunt - play at first, batter OUT! 1-4 Vito Middendorf to second
|
Batting: LHB Craig Morgan
|
0-0: Called Strike 0-1: Ball 1-1: Ball 2-1: Ball 3-1: Base on Balls
|
Batting: LHB Danny Trautmann
|
0-0: Called Strike Throwing error on steal attempt, E2 Vito Middendorf scores Craig Morgan to third 0-1: Ball 1-1: Ground out 6-3 (Groundball, 6MS)
|
Batting: LHB Tim Stinson
|
0-0: SINGLE (Groundball, 34D) Craig Morgan scores
|
Batting: RHB Doug Allerdale
|
0-0: Called Strike 0-1: SINGLE (Groundball, 56S) (infield hit) Tim Stinson to second
|
Batting: LHB Kanko Umaba
|
0-0: Called Strike 0-1: Foul Ball, location: 2F 0-2: Foul Ball, location: 2F 0-2: Foul Ball, location: 2F 0-2: Foul Ball, location: 2F 0-2: Ball 1-2: Strikes out swinging
|
Top of the 6th over - 2 runs, 2 hits, 1 error, 2 left on base; Greenville 3 - Wizarding 2 |
BOTTOM OF THE 6TH |
Wizarding Express batting - Pitching for Greenville 84s : RHP Kyle Buckman
|
Batting: LHB Peter Metellus
|
0-0: Ball 1-0: Ground out U3 (Groundball, 3)
|
Batting: LHB António Boccanegra
|
0-0: Called Strike 0-1: Ball 1-1: Ball 2-1: Called Strike 2-2: Ball 3-2: Base on Balls
|
Batting: RHB Panas Pletnev
|
0-0: Ball 1-0: Ball 2-0: Fly out, F8 (Flyball, 8LM)
|
Batting: LHB Jesús Lazcano
|
0-0: Ball 1-0: Ball 2-0: Ball 3-0: Called Strike 3-1: Base on Balls António Boccanegra to second
|
Batting: RHB Ralph Cranford
|
0-0: Fly out, F7 (Flyball, 78D)
|
Bottom of the 6th over - 0 runs, 0 hits, 0 errors, 2 left on base; Greenville 3 - Wizarding 2 |
TOP OF THE 7TH |
Greenville 84s batting - Pitching for Wizarding Express : RHP Brian Peeks
|
Batting: RHB Edgar Baeza
|
0-0: Ball 1-0: SINGLE (Line Drive, 78S)
|
Batting: LHB Ijsbrand Erkelens
|
0-0: Bunted foul 0-1: Sac Bunt - play at first, batter OUT! 1-4 Edgar Baeza to second
|
Pinch Hitting: SHB Jorge Barrios
|
0-0: Intentional Walk
|
Batting: RHB Scott Dourque
|
0-0: Ball 1-0: Ball 2-0: Called Strike 2-1: Ball 3-1: Called Strike 3-2: Fly out, F4 (Line Drive, 4)
|
Batting: LHB Craig Morgan
|
0-0: Fly out, F5 (Line Drive, 56)
|
Top of the 7th over - 0 runs, 1 hit, 0 errors, 2 left on base; Greenville 3 - Wizarding 2 |
BOTTOM OF THE 7TH |
Wizarding Express batting - Pitching for Greenville 84s : RHP Kyle Buckman
|
Now at 2B: Jorge Barrios
|
|
Batting: RHB Robinson Barquero
|
0-0: Ball 1-0: Ground out 4-3 (Groundball, 4)
|
Batting: LHB Carroll Martin
|
0-0: Ball 1-0: Ball 2-0: Called Strike 2-1: Called Strike 2-2: Ball 3-2: SINGLE (Groundball, 34D)
|
Batting: LHB Adrian McCoy
|
0-0: Ball Wild Pitch! Carroll Martin to second 1-0: Ball 2-0: Called Strike 2-1: Ball 3-1: Called Strike 3-2: Base on Balls
|
Batting: SHB Salvador Trevino
|
0-0: Called Strike 0-1: Fly out, F5 (Popup, 5F)
|
Batting: LHB Peter Metellus
|
0-0: SINGLE (Groundball, 3D) Carroll Martin to third Adrian McCoy to second Runner from 3rd tries for Home, SAFE, no throw
|
Batting: LHB António Boccanegra
|
0-0: Ball 1-0: Ball 2-0: Ball 3-0: Base on Balls Adrian McCoy to third Peter Metellus to second
|
Batting: RHB Panas Pletnev
|
0-0: Ball 1-0: Swinging Strike 1-1: Foul Ball, location: 2F 1-2: Fly out, F9 (Line Drive, 9)
|
Bottom of the 7th over - 1 run, 2 hits, 0 errors, 3 left on base; Greenville 3 - Wizarding 3 |
TOP OF THE 8TH |
Greenville 84s batting - Pitching for Wizarding Express : RHP Brian Peeks
|
Batting: LHB Danny Trautmann
|
0-0: Ball 1-0: Called Strike 1-1: Ground out 6-3 (Groundball, 56)
|
Batting: LHB Tim Stinson
|
0-0: Ball 1-0: Ball 2-0: Fly out, F8 (Flyball, 8RM)
|
Batting: RHB Doug Allerdale
|
0-0: Ball 1-0: SINGLE (Groundball, 34S) (infield hit)
|
Pinch Runner at 1st Yasuhide Nakashima:
|
|
Batting: LHB Kanko Umaba
|
0-0: Ball Yasuhide Nakashima steals 2nd base 1-0: Ball 2-0: Called Strike 2-1: Ball 3-1: Base on Balls
|
Batting: RHB Edgar Baeza
|
0-0: Called Strike 0-1: Swinging Strike 0-2: Foul Ball, location: 2F 0-2: Strikes out swinging, 2-3 out at first.
|
Top of the 8th over - 0 runs, 1 hit, 0 errors, 2 left on base; Greenville 3 - Wizarding 3 |
BOTTOM OF THE 8TH |
Wizarding Express batting - Pitching for Greenville 84s : RHP Kyle Buckman
|
Now in LF: Yasuhide Nakashima
|
|
Batting: LHB Jesús Lazcano
|
0-0: Called Strike 0-1: Ball 1-1: SINGLE (Groundball, 4MD)
|
Batting: RHB Ralph Cranford
|
0-0: Fly out, F6 (Popup, 6M)
|
Batting: RHB Robinson Barquero
|
0-0: Ball 1-0: Ball 2-0: Ball 3-0: Base on Balls Jesús Lazcano to second
|
Batting: LHB Carroll Martin
|
0-0: Ball 1-0: Called Strike 1-1: TRIPLE (Line Drive, 8LXD) Jesús Lazcano scores Robinson Barquero scores
|
Batting: LHB Adrian McCoy
|
0-0: Intentional Walk
|
Pitching: RHP Ira Hipps
|
|
Batting: SHB Salvador Trevino
|
0-0: Called Strike 0-1: Foul Ball, location: 2F 0-2: Ball 1-2: Strikes out swinging
|
Batting: LHB Peter Metellus
|
0-0: Ball 1-0: Ball 2-0: Ball 3-0: Base on Balls Adrian McCoy to second
|
Batting: LHB António Boccanegra
|
0-0: Ball 1-0: Foul Ball, location: 2F 1-1: Ball 2-1: Ball 3-1: Base on Balls Carroll Martin scores Adrian McCoy to third Peter Metellus to second
|
Batting: RHB Panas Pletnev
|
0-0: Called Strike 0-1: Foul Ball, location: 2F 0-2: Foul Ball, location: 2F 0-2: Fielders Choice at 2nd, 5-4 (Groundball, 5)
|
Bottom of the 8th over - 3 runs, 2 hits, 0 errors, 3 left on base; Greenville 3 - Wizarding 6 |
TOP OF THE 9TH |
Greenville 84s batting - Pitching for Wizarding Express : RHP Brian Peeks
|
Batting: LHB Ijsbrand Erkelens
|
0-0: Ball 1-0: SINGLE (Groundball, 34D)
|
Batting: SHB Jorge Barrios
|
0-0: Called Strike 0-1: Ball 1-1: Ball Passed Ball! Ijsbrand Erkelens to second 2-1: Called Strike 2-2: Fly out, F9 (Line Drive, 9)
|
Batting: RHB Scott Dourque
|
0-0: Ball 1-0: Ball 2-0: Foul Ball, location: 2F 2-1: SINGLE (Groundball, 56D) Ijsbrand Erkelens to third
|
Batting: LHB Craig Morgan
|
0-0: Called Strike 0-1: Ball 1-1: Ball 2-1: Ball 3-1: Called Strike 3-2: Ground out 4-3 (Groundball, 4MD) Ijsbrand Erkelens scores Scott Dourque to second
|
Batting: LHB Danny Trautmann
|
0-0: Reached on error, E4 (Groundball, 4) Scott Dourque to third
|
Batting: LHB Tim Stinson
|
0-0: Ball 1-0: Ball 2-0: Foul Ball, location: 2F 2-1: Ball 3-1: Called Strike 3-2: Foul Ball, location: 2F 3-2: Base on Balls Danny Trautmann to second
|
Pitching: RHP Carlos Salcido
|
|
Batting: RHB Yasuhide Nakashima
|
0-0: Ball 1-0: Ball 2-0: Fly out, F5 (Line Drive, 5S)
|
Top of the 9th over - 1 run, 2 hits, 1 error, 3 left on base; Greenville 4 - Wizarding 6 |
|